 Dungeon Crawl Stone Soup version 0.18-a0-486-gab6c0bd (webtiles) character file.

73 M4edhros the Charlatan (level 4, 0/28 HPs)
             Began as an Octopode Artificer on Dec 2, 2015.
             Succumbed to an adder's poison
             ... in a sewer.
             The game lasted 00:02:21 (1061 turns).

M4edhros the Charlatan (Octopode Artificer)         Turns: 1061, Time: 00:02:22

Health: 0/28       AC:  1    Str:  7 (10) XL:     4   Next: 27%
Magic:  7/7        EV: 12    Int: 15      God:
Gold:   70         SH:  0    Dex: 12      Spells: 0 memorised, 3 levels left

rFire  . . .     SeeInvis .     a - +0 short sword
rCold  . . .     Clarity  .     (no shield)
rNeg   . . .     SustAt   .     (helmet restricted)
rPois  .         Gourm    .     (no amulet)
rElec  .         Spirit   .     (no ring)
rCorr  .         Dismiss  .     (no ring)
rMut   .         Stasis   .     (no ring)
MR     .....                    (no ring)
Stlth  +++++.....               (no ring)
                                (no ring)
                                (no ring)
                                (no ring)

@: lethally poisoned (0 -> -8), very slightly contaminated, invisible, not
resistant to hostile enchantments, quite stealthy
A: almost no armour, amphibious, 8 rings, constrict 8, camouflage 1, gelatinous
body 1
a: no special abilities


You were in a sewer.
You were hungry.

You visited 1 branch of the dungeon, and saw 4 of its levels.
You also visited: Sewer.

You collected 70 gold pieces.

Inventory:

Hand Weapons
 a - a +0 short sword (weapon)
 k - a +2 vampiric long sword
Missiles
 i - 32 sling bullets
 j - 54 stones (quivered)
Wands
 b - a wand of flame (14)
 c - a wand of enslavement (15)
 d - a wand of random effects (15)
Scrolls
 g - 2 scrolls of noise {unknown}
 h - a scroll of blinking {unknown}
Comestibles
 e - 2 bread rations


   Skills:
 - Level 1.0 Fighting
 - Level 1.0 Short Blades
 - Level 2.0 Dodging
 + Level 4.2 Stealth
 + Level 4.4 Evocations


You had 3 spell levels left.
You didn't know any spells.

Dungeon Overview and Level Annotations

Branches:
Dungeon (4/15)
 Temple: D:4-7

Altars:
The Shining One

Shops:
D:4 *

Annotations:
D:4 M4edhros's ghost, weakling OpAr


Innate Abilities, Weirdness & Mutations

You cannot wear most types of armour.
You are amphibious.
You can wear up to eight rings at the same time.
You can use your tentacles to constrict eight enemies at once.
Your skin changes colour to match your surroundings (Stealth).
Your rubbery body absorbs attacks (AC +1).


Message History

You fade into invisibility!
* * * LOW HITPOINT WARNING * * *
You feel sick. The adder bites you.
* * * LOW HITPOINT WARNING * * *
You are more poisoned.
The adder poisons you!
You are very lightly contaminated with residual magic.
You hit the adder. Your grab misses the adder.
The adder is severely wounded.
You are feeling hungry.
* * * LOW HITPOINT WARNING * * *
You feel sick. The adder misses you. The adder closely misses you.
Unknown command.
You hit the adder. Your grab misses the adder.
The adder is severely wounded.
The adder closely misses you.
Unknown command.
You hit the adder.
You kill the adder!
You die...

#.≈≈≈≈≈≈≈ #≈≈≈≈≈≈≈
#≈≈≈≈≈. #.≈≈≈≈#
#≈≈≈≈≈########
######.≈≈≈≈≈≈≈≈≈≈.######
≈≈≈≈≈≈≈≈≈≈††≈≈≈≈≈≈≈..∩.∩
#.@≈†..≈†..≈.######
#...†.######## #######


There were no monsters in sight!

Vanquished Creatures
  4 adders
  A worm (D:3)
  2 giant geckos
  An orc (D:4)
  2 ball pythons
  4 giant cockroaches
  2 hobgoblins (D:1)
  A quokka (D:3)
  2 bats (D:3)
  2 giant newts (Sewer)
  4 goblins
  4 kobolds
  4 rats
33 creatures vanquished.

Notes
Turn   | Place    | Note
--------------------------------------------------------------
     0 | D:1      | M4edhros the Octopode Artificer began the quest for the Orb.
     0 | D:1      | Reached XP level 1. HP: 13/13 MP: 3/3
   349 | D:1      | Reached XP level 2. HP: 6/18 MP: 4/4
   552 | D:1      | You fall through a shaft!
   719 | D:3      | Reached XP level 3. HP: 20/23 MP: 5/5
   775 | D:3      | Reached skill level 4 in Evocations
   888 | D:4      | Found a glowing golden altar of the Shining One.
   915 | D:4      | Noticed a centaur
   923 | D:4      | Found Rutocosa's Assorted Antiques.
   990 | D:4      | Noticed M4edhros's ghost (weakling OpAr)
  1005 | D:4      | Found a glowing drain.
  1025 | Sewer    | Entered a sewer
  1046 | Sewer    | Reached XP level 4. HP: 26/28 MP: 7/7
  1059 | Sewer    | HP: 1/28 [poisoned by an adder]
  1061 | Sewer    | Succumbed to an adder's poison

Vault maps used:
D:1:      dpeg_arrival_connections
D:2:      overflow_temple_1_default
D:3:      lemuel_zombie_altar_yredelemnul
D:4:      old_forge, first_bread, serial_shops, shop, shop,
          portal_sewer_entry_b, hangedman_abyss_or_decor_stagger,
          tso_metal_star, uniq_blork_the_orc
Sewer:    sewer_frog_island_01

Action                   |  1- 3 |  4- 6 || total
-------------------------+-------+-------++-------
Melee: Short sword       |    62 |    11 ||    73
Evoke: Wand              |     1 |       ||     1
  Use: Potion            |     3 |     1 ||     4
 Stab: Sleeping          |    14 |     1 ||    15
